 Dungeon Crawl Stone Soup version 0.30-a0-1116-gebefce21f7 (webtiles) character file.

Game seed: 8673924178505361254

8 holysushi the Cutter (level 2, 24/24 HPs)
             Began as a Demonspawn Monk on Apr 21, 2023.
             Quit the game on level 1 of the Dungeon.
             The game lasted 00:00:12 (171 turns).

holysushi the Cutter (Demonspawn Monk)               Turns: 171, Time: 00:00:12

Health: 24/24      AC:  2    Str: 11    XL:     2   Next: 0%
Magic:  2/2        EV: 12    Int: 11    God:
Gold:   24         SH:  0    Dex: 15    Spells: 1/1 levels left

rFire   . . .      SeeInvis .    a - +0 short sword
rCold   . . .      Faith    .    d - orb {light}
rNeg    . . .      Spirit   .    b - +0 robe
rPois   .          Reflect  .    (no helmet)
rElec   .          Rampage  .    (no cloak)
rCorr   .                        (no gloves)
Will    .....                    (no boots)
Stlth   +                        (no amulet)
HPRegen 0.24/turn                (no ring)
MPRegen 0.08/turn                (no ring)

@: glowing
A: demonic magic 1
a: no special abilities


You were on level 1 of the Dungeon.
You visited 1 branch of the dungeon, and saw 1 of its levels.

You collected 24 gold pieces.

Inventory:

Hand Weapons
 a - a +0 short sword (weapon)
Armour
 b - a +0 robe (worn)
 d - an orb of light (worn)
Potions
 c - a potion of ambrosia


   Skills:
 - Level 3.0 Fighting
 + Level 3.2 Short Blades
 - Level 2.6 Dodging


You had one spell level left.
You didn't know any spells.
Your spell library was empty.

Dungeon Overview and Level Annotations

Branches:
Dungeon (1/15) Zot: 5832

Altars:


Innate Abilities, Weirdness & Mutations

Spells you cast may paralyse adjacent enemies.


Message History

The bat is severely wounded.
The bat barely misses you.
A bat is nearby!
A bat is nearby!
The bat closely misses you.
A bat is nearby!
You hit the bat.
You kill the bat!
Found a stone staircase leading down.
You see here a bat corpse.
No target in view!
Key pressed, stopping explore.
No target in view!
There is a stone staircase leading down here.
There is a stone staircase leading down here.
Key pressed, stopping explore.
No target in view!
Found 5 stones.
No target in view!
Found a stone staircase leading down.
No target in view!
A ball python and a quokka come into view.
The ball python hisses angrily.
There are monsters nearby!
An endoplasm comes into view.
There are monsters nearby!
Found a scroll labelled HURANT KINE.
The ball python bites you but does no damage.
The ball python barely misses you.
There are monsters nearby!
There are monsters nearby!
You hit the ball python but do no damage.
The ball python bites you but does no damage.
The ball python barely misses you.
You hit the ball python.
You kill the ball python!
You have reached level 2!
Your demonic ancestry asserts itself...
A menacing aura infuses your magic.
Are you sure you want to abandon this character and quit the game? (Confirm with "yes".)

.. ... #.# #.#.#
#.# ###.# ........
..#.# #.#.#.# #.#.#
...... #.#.#
#.#.#.#.###.#.#
..?...J...#.#.#
.#.#.#@#.#.#.#####
..................#
#.#.#.#.#.#.#####.#
.....r..#.# #.#
#.#.#.###.# #.#
##+..## #.# #.# ...
#.# #.# ..r.. #.#
#.# ..?.. #(# #.#


You could see an endoplasm and a quokka.

Vanquished Creatures
  A dart slug (D:1)
  3 bats (D:1)
  A kobold (D:1)
  A ball python (D:1)
6 creatures vanquished.

Notes
Turn   | Place    | Note
-------+----------+-------------------------------------------
     0 | D:1      | holysushi the Demonspawn Monk began the quest for the Orb.
     0 | D:1      | Reached XP level 1. HP: 18/18 MP: 1/1
   171 | D:1      | Gained mutation: Spells you cast may paralyse adjacent
                  | enemies. [demonic ancestry]
   171 | D:1      | Reached XP level 2. HP: 24/24 MP: 2/2
   171 | D:1      | Quit the game

Illustrated notes

Levels and vault maps discovered:
D:1:      minmay_arrival_four_houses, layout_basic, serial_shops,
          nicolae_diamond_shop, st_stairs_10, serial_bayou_pond_a,
          minmay_liquid_box, minmay_gold_behind_fungi

Skill      XL: |  1 |
---------------+----+-----
Short Blades   | 3 |  3.2
Fighting       | |  3.0
Dodging        | |  2.6

Action                     || total
---------------------------++-------
  Melee: Short sword       ||    20
 Armour: Robe              ||    12
  Dodge: Dodged            ||    14

Table legend: (Time is in decaauts)
 A = Elapsed time spent in this place.
 B = Non-inter-level travel time spent in this place.
 C = Inter-level travel time spent in this place.
 D = Time resting spent in this place.
 E = Time spent auto-exploring this place.
 F = Levels seen in this place.
 G = Mean time per level.
                   A        B        C        D        E       F      G
               +--------+--------+--------+--------+--------+-----+--------+
         Total |    168 |    168 |      0 |      0 |    126 |   1 |  168.0 |
       Dungeon |    168 |    168 |      0 |      0 |    126 |   1 |  168.0 |
               +--------+--------+--------+--------+--------+-----+--------+

Top non-repeatable levels by time:
     D:1: 168 daAuts
